AoeStats
← Timeskip

Lombardia

509621146Analyzed
4v4 RM · 5d ago on Sep 27, 2026· 67m 33s· 8 players
Game mode
Random Map
Map size
Large (8 player)
Population
200
Speed
Normal
Resources
Standard
Victory
Conquest
Starting age
Dark Age
Ending age
Imperial Age
RankedLock teamsTeams togetherTeam positionsShared explorationLock speedFull tech treeHidden civsTurbo modeCheats
Victory
Defeat
🇯🇵 Berbers · Japan
1797
+20
🇨🇳 Georgians · China
1658
+25
🇩🇪 Magyars · Germany
1645
+25
🇸🇮 Vietnamese · Slovenia
1639
+25
🇫🇷 Italians · France
1988
-26
🇫🇷 Saracens · France
1845
-23
🇫🇷 Armenians · France
1841
-23
🇫🇷 Chinese · France
1840
-23
只想躺赢
10:43 Feudal Age
10:16 Loom
11:22 Double-Bit Axe
11:30 Horse Collar
15:01 Castle Age
14:04 Horse Collar
15:06 Scale Barding Armor
21:24 Wheelbarrow
20:46 Town Watch
22:40 Bow Saw
28:40 Imperial Age
26:32 Forging
26:20 Loom
26:49 Heavy Plow
27:04 Hand Cart
27:05 Gold Mining
27:06 Stone Mining
29:06 Guard Tower
29:49 Chain Barding Armor
30:01 Fletching
31:54 Hoardings
31:46 Bodkin Arrow
32:06 Padded Archer Armor
31:50 Treadmill Crane
32:32 Bracer
33:10 Bloodlines
33:01 Arrowslits
33:54 Svan Towers
34:35 Stone Shaft Mining
34:34 Town Patrol
35:14 Keep
34:59 Ballistics
35:09 Masonry
35:13 Capped Ram
36:42 Masonry
36:41 Husbandry
37:26 Ballistics
38:07 Chemistry
36:39 Light Cavalry
37:11 Siege Ram
38:26 Architecture
38:16 Guilds
39:17 Hoardings
40:09 Plate Barding Armor
39:45 Squires
39:16 Pikeman
40:13 Scale Mail Armor
42:04 Caravan
45:31 Iron Casting
46:32 Hussar
49:03 Conscription
50:49 Chain Mail Armor
50:26 Halberdier
52:51 Blast Furnace
54:09 Plate Mail Armor
55:24 Arson
57:04 Murder Holes
62:00 Siege Engineers
63:15 Elite Monaspa
64:01 Aznauri Cavalry
64:55 Heavy Scorpion
65:01 Onager
67:06 Siege Onager
Timeskip
6:29 Loom
9:13 Feudal Age
9:52 Double-Bit Axe
11:09 Horse Collar
15:23 Town Watch
20:39 Castle Age
20:06 Bloodlines
20:27 Stone Mining
20:42 Light Cavalry
22:33 Wheelbarrow
22:19 Bow Saw
23:12 Scale Barding Armor
32:48 Gold Mining
33:43 Chain Barding Armor
34:38 Husbandry
38:03 Imperial Age
36:16 Fletching
37:22 Hand Cart
38:11 Gold Shaft Mining
38:05 Bodkin Arrow
38:16 Corvinian Army
38:25 Elite Magyar Huszar
40:31 Onager
44:51 Plate Barding Armor
47:34 Conscription
49:51 Hoardings
50:50 Caravan
53:08 Siege Engineers
53:11 Cavalier
58:20 Bracer
58:21 Scale Mail Armor
58:44 Ballistics
62:19 Chemistry
67:04 Paladin
A spoon full of love
7:41 Loom
10:04 Feudal Age
11:34 Horse Collar
11:40 Double-Bit Axe
19:17 Castle Age
20:18 Bow Saw
20:09 Heavy Plow
23:11 Wheelbarrow
24:55 Hand Cart
26:32 Fletching
27:14 Bodkin Arrow
28:53 Gold Mining
30:25 Caravan
33:07 Imperial Age
30:42 Padded Archer Armor
32:08 Ballistics
34:13 Paper Money
34:20 Stone Mining
36:27 Bracer
37:02 Leather Archer Armor
38:23 Chemistry
39:44 Ring Archer Armor
39:12 Elite Rattan Archer
46:05 Coinage
45:46 Guilds
46:48 Fortified Wall
46:49 Masonry
46:20 Treadmill Crane
51:27 Banking
55:04 Two-Man Saw
54:28 Bombard Tower
54:10 Scale Mail Armor
54:21 Forging
55:17 Chatras
55:53 Hoardings
55:26 Scale Barding Armor
56:57 Chain Barding Armor
57:12 Iron Casting
58:50 Plate Barding Armor
58:20 Chatras
60:02 Husbandry
60:13 Bloodlines
59:24 Elite Battle Elephant
NeeNee
10:56 Feudal Age
12:42 Loom
15:12 Castle Age
13:28 Double-Bit Axe
13:54 Horse Collar
17:13 Loom
20:31 Fletching
22:32 Fletching
24:05 Heavy Plow
27:09 Padded Archer Armor
27:14 Bodkin Arrow
27:52 Padded Archer Armor
32:32 Imperial Age
30:45 Wheelbarrow
30:49 Leather Archer Armor
31:45 Bloodlines
32:18 Ballistics
32:31 Hand Cart
32:02 Town Watch
32:29 Husbandry
32:53 Kasbah
33:37 Bow Saw
33:58 Crop Rotation
33:33 Bracer
34:13 Conscription
34:37 Elite Camel Archer
36:13 Hoardings
36:10 Ring Archer Armor
36:03 Caravan
37:17 Chemistry
36:55 Treadmill Crane
37:25 Fortified Wall
38:17 Thumb Ring
38:42 Fortified Wall
38:43 Masonry
39:23 Maghrebi Camels
53:57 Siege Engineers
56:38 Scale Barding Armor
56:44 Forging
55:56 Light Cavalry
58:23 Hussar
62:21 Coinage
62:01 Guilds
TAG_Sitaux
10:51 Feudal Age
11:45 Double-Bit Axe
11:41 Horse Collar
14:26 Castle Age
15:28 Bow Saw
17:58 Wheelbarrow
18:52 Heavy Plow
20:16 Loom
20:46 Gold Mining
22:22 Stone Mining
24:46 Stone Shaft Mining
29:01 Imperial Age
27:13 Town Watch
27:28 Fletching
27:56 Hand Cart
28:42 Bodkin Arrow
29:07 Capped Ram
30:14 Bracer
31:02 Ballistics
32:35 Chemistry
32:07 Conscription
32:45 Padded Archer Armor
33:11 Masonry
35:22 Architecture
35:32 Hoardings
35:08 Elite Genoese Crossbowman
36:33 Leather Archer Armor
37:54 Two-Man Saw
38:02 Ring Archer Armor
38:57 Silk Road
39:24 Treadmill Crane
39:54 Thumb Ring
51:12 Fortified Wall
57:16 Coinage
56:57 Guilds
58:44 Banking
58:49 Crop Rotation
58:20 Onager
Capout
6:18 Loom
9:13 Feudal Age
9:55 Double-Bit Axe
10:25 Man-at-Arms
11:18 Long Swordsman
13:30 Horse Collar
15:25 Arson
18:16 Forging
18:36 Scale Mail Armor
19:24 Pikeman
24:25 Castle Age
23:04 Gold Mining
24:29 Two-Handed Swordsman
24:58 Gambesons
25:16 Squires
25:51 Chain Mail Armor
27:04 Heavy Plow
27:17 Bow Saw
28:51 Iron Casting
31:29 Heavy Plow
32:44 Wheelbarrow
32:06 Champion
35:49 Hand Cart
36:04 Halberdier
36:56 Town Watch
41:30 Imperial Age
39:37 Gold Shaft Mining
38:54 Stone Mining
39:35 Fletching
39:47 Padded Archer Armor
40:17 Bodkin Arrow
41:19 Coinage
40:50 Caravan
41:43 Ballistics
41:52 Leather Archer Armor
43:12 Fereters
43:45 Plate Mail Armor
44:41 Conscription
46:07 Blast Furnace
49:01 Hoardings
48:37 Capped Ram
58:45 Bracer
60:22 Coinage
63:53 Siege Ram
67:44 Chemistry
66:55 Clinker Construction
67:17 Ring Archer Armor
Tointoin
7:41 Loom
10:14 Feudal Age
11:21 Double-Bit Axe
11:17 Horse Collar
17:58 Castle Age
18:54 Bow Saw
18:45 Heavy Plow
21:03 Wheelbarrow
24:28 Hand Cart
24:58 Gold Mining
25:41 Town Watch
27:41 Gold Shaft Mining
26:57 Stone Mining
30:42 Imperial Age
30:05 Scale Barding Armor
30:19 Forging
31:32 Caravan
32:01 Town Patrol
32:18 Husbandry
32:28 Bloodlines
33:01 Conscription
33:08 Chain Barding Armor
33:23 Iron Casting
34:22 Masonry
34:51 Plate Barding Armor
34:56 Arson
35:11 Squires
34:58 Elite Mameluke
37:10 Blast Furnace
39:12 Siege Engineers
40:08 Chemistry
40:00 Coinage
41:10 Hoardings
40:54 Counterweights
42:15 Ballistics
42:12 Fletching
49:08 Capped Ram
51:06 Banking
50:40 Siege Ram
57:43 Onager
58:47 Fortified Wall
59:07 Siege Onager
Shulk
0:28 Loom
9:16 Feudal Age
9:50 Double-Bit Axe
14:45 Horse Collar
20:26 Castle Age
18:43 Forging
19:49 Bloodlines
20:32 Light Cavalry
21:13 Husbandry
21:59 Bow Saw
22:08 Heavy Plow
22:46 Wheelbarrow
28:06 Hand Cart
27:44 Gold Mining
27:44 Stone Mining
30:19 Gold Shaft Mining
33:35 Imperial Age
32:02 Scale Mail Armor
32:38 Iron Casting
31:23 Pikeman
32:04 Squires
32:24 Caravan
32:14 Town Watch
33:25 Chain Mail Armor
33:50 Halberdier
35:32 Blast Furnace
35:33 Chemistry
34:28 Fletching
35:35 Coinage
35:33 Fortified Wall
35:28 Great Wall
36:11 Plate Mail Armor
36:03 Conscription
37:13 Banking
37:12 Bombard Tower
37:15 Masonry
37:03 Murder Holes
37:29 Ballistics
37:05 Bodkin Arrow
38:23 Bracer
40:39 Architecture
41:50 Arson
42:14 Arrowslits
45:25 Rocketry
46:26 Capped Ram
46:28 Heavy Rocket Cart
47:22 Siege Ram
49:25 Town Patrol
50:41 Guard Tower
59:17 Keep
Connection lost

Rejoining the realm…

Still unreachable

The connection could not be restored.

Session expired

The server has moved on; the page needs a fresh start.